Map: Jagannatha LE

Players

Namshar

  • Race: Zerg Zerg
  • League: Master

Scarlett - Winner!

  • Race: Protoss Protoss

Event: DreamHack SC2 Masters 2021 Summer

VOD

Have the link to the VOD?

Description

Time

  • Played on: May 30, 2021, 3:58 p.m.
  • Length: 16:34

All games in this series

Show
View Real Time Build Order
Export as new Build Order

Namshar Zerg 

Build Orders: Pool First 

Get SALT Encoding   

  12  0:02  Drone  
  13  0:13  Overlord  
  13  0:18  Drone  
  14  0:31  Drone x2  
  16  0:40  Spawning Pool  
  15  0:44  Drone  
  15  0:47  Drone  
  17  1:10  Hatchery  
  16  1:12  Extractor  
  16  1:13  Drone  
  16  1:20  Drone  
  17  1:28  Zergling x2  
  17  1:30  Zergling x2  
  19  1:38  Queen  
  21  1:41  Overlord  
  21  1:54  Drone  
  22  2:02  Drone  
  23  2:12  Drone  
  23  2:13  Queen  
  26  2:18  Metabolic Boost  
  26  2:27  Drone  
  26  2:28  Drone  
  28  2:40  Drone x2  
  30  2:50  Drone x5  
  33  3:02  Overlord x2  
  33  3:07  Zergling x2  
  33  3:12  Zergling x2  
  35  3:13  Hatchery  
  35  3:18  Zergling x2  
  35  3:20  Queen  
  35  3:25  Zergling x6  
  35  3:26  Drone x2  
  43  3:41  Drone x4  
  43  3:47  Roach Warren, Queen  
  47  3:51  Overlord  
  44  4:10  Overlord  
  44  4:14  Zergling x14  
  49  4:17  Queen  
  51  4:26  Drone  
  51  4:27  Extractor  
  51  4:33  Roach x2  
  55  4:39  Overlord  
  55  4:41  Roach x2  
  59  4:48  Roach x3  
  65  4:59  Roach  
  63  5:00  Drone x3  
  66  5:07  Drone x4  
  70  5:16  Drone x3  
  70  5:17  Overlord x2  
  70  5:18  Lair  
  73  5:39  Drone  
  73  5:42  Drone  
  72  5:45  Drone x11  
  81  5:51  Drone x4  
  85  6:03  Drone x3  
  83  6:06  Evolution Chamber  
  83  6:08  Extractor x2  
  83  6:09  Overlord x2  
  83  6:10  Pneumatized Carapace  
  80  6:16  Queen x2  
  80  6:17  Overseer  
  84  6:24  Drone, Overlord x2  
  84  6:25  Overlord  
  85  6:26  Hatchery, Zergling x2  
  85  6:27  Drone x2  
  85  6:28  Drone  
  85  6:32  Drone x3  
  91  6:34  Drone x2  
  91  6:36  Zerg Missile Weapons Level 1  
  93  6:41  Extractor  
  93  6:42  Extractor, Drone x2  
  93  6:47  Glial Reconstitution  
  93  6:48  Hydralisk Den  
  93  6:50  Drone x4  
  96  6:58  Overlord x2  
  96  7:11  Queen  
  96  7:12  Spore Crawler  
  96  7:13  Queen x2  
  100  7:24  Muscular Augments  
  100  7:26  Drone x2, Hydralisk  
  100  7:27  Hydralisk  
  104  7:32  Drone x2  
  104  7:34  Drone x12  
  118  7:38  Queen  
  120  7:46  Drone, Queen  
  120  7:49  Queen x2, Spore Crawler  
  126  7:53  Hydralisk x3  
  126  7:56  Spore Crawler  
  131  8:06  Drone  
  131  8:08  Extractor x2  
  131  8:10  Overlord x2  
  131  8:11  Hatchery, Hydralisk x2  
  133  8:14  Hydralisk  
  135  8:23  Hydralisk  
  135  8:24  Hydralisk x4  
  145  8:30  Hatchery  
  145  8:35  Grooved Spines, Hydralisk x7  
  145  8:41  Overlord x3  
  160  8:45  Zerg Missile Weapons Level 2  
  160  8:51  Hydralisk x4  
  168  8:58  Overlord  
  168  8:59  Overlord x2  
  168  9:02  Drone  
  169  9:04  Infestation Pit  
  169  9:05  Hydralisk x3  
  174  9:14  Hydralisk x4  
  182  9:19  Hydralisk x2  
  182  9:21  Zergling x10  
  191  9:35  Hydralisk x3  
  191  9:36  Zergling x2  
  196  9:49  Hydralisk x5  
  196  9:52  Hatchery  
  195  9:53  Hydralisk x3  
  188  10:06  Hydralisk x7  
  184  10:13  Hydralisk  
  184  10:14  Hydralisk x3  
  182  10:22  Hydralisk x2  
  182  10:23  Hydralisk x3  
  175  10:31  Hydralisk  
  175  10:32  Hydralisk x3  
  177  10:44  Hydralisk  
  177  10:45  Hydralisk x5  
  168  10:50  Drone x5  
  168  10:53  Hydralisk x2  
  168  10:56  Hydralisk  
  164  10:58  Drone  
  164  10:59  Drone x2  
  169  11:06  Zerg Ground Armor Level 1  
  169  11:08  Drone  
  170  11:12  Evolution Chamber  
  169  11:21  Hydralisk x7  
  161  11:35  Hydralisk x4  
  161  11:36  Hydralisk x4  
  135  11:41  Spore Crawler x2  
  135  11:42  Spore Crawler  
  135  11:43  Hydralisk x2  
  136  11:50  Hydralisk x4  
  144  11:55  Hydralisk x3  
  150  12:02  Hydralisk x3  
  154  12:19  Hydralisk  
  154  12:20  Hydralisk x7  
  154  12:23  Hydralisk  
  152  12:32  Hive  
  152  12:33  Extractor  
  152  12:35  Hatchery  
  150  12:40  Extractor  
  150  12:43  Hydralisk x6  
  161  12:49  Spore Crawler  
  161  12:50  Spore Crawler  
  159  12:52  Spore Crawler  
  158  12:59  Hydralisk x4  
  166  13:11  Hydralisk x5  
  176  13:19  Drone x3  
  179  13:20  Drone x3  
  179  13:23  Queen  
  179  13:24  Queen  
  186  13:28  Drone x4  
  190  13:40  Drone  
  191  13:41  Zerg Ground Armor Level 2  
  191  13:42  Spore Crawler  
  191  13:43  Viper x2  
  191  13:44  Viper  
  199  13:49  Lurker Den  
  199  13:54  Spore Crawler  
  199  13:55  Spore Crawler  
  196  13:56  Drone x3  
  196  13:57  Drone, Spore Crawler  
  196  13:58  Drone, Spore Crawler x2  
  198  14:04  Spore Crawler, Viper  
  192  14:16  Hydralisk x6  
  179  14:33  Hydralisk  
  179  14:34  Hydralisk x6  
  187  14:45  Hydralisk x5  
  177  14:50  Hydralisk x2  
  165  14:53  Hydralisk x2  
  165  14:56  Hydralisk  
  167  15:05  Hatchery  
  164  15:10  Extractor  
  163  15:16  Seismic Spines  
  163  15:19  Lurker x4  
  163  15:20  Lurker  
  168  15:22  Lurker x2  
  168  15:25  Drone x4  
  174  15:33  Spore Crawler x2  
  172  15:38  Spore Crawler  
  171  15:49  Hydralisk x5  
  173  15:56  Hydralisk  
  160  15:57  Hydralisk x2  
  160  16:01  Hydralisk  
Show
View Real Time Build Order
Export as new Build Order

Scarlett Protoss - Winner!

Build Orders: 1 Gate Expand, Carriers 

Get SALT Encoding   

  12  0:00  Probe  
  13  0:12  Probe  
  14  0:18  Pylon  
  14  0:24  Probe (Chrono Boost)  
  15  0:36  Probe (Chrono Boost)  
  15  0:37  Gateway  
  16  0:45  Probe (Chrono Boost)  
  16  0:46  Assimilator  
  17  0:51  Probe  
  18  1:03  Probe  
  19  1:15  Probe  
  20  1:23  Nexus  
  20  1:32  Cybernetics Core  
  20  1:36  Probe  
  21  1:43  Assimilator  
  21  1:48  Probe  
  21  1:51  Pylon  
  21  2:00  Probe  
  22  2:06  Adept (Chrono Boost)  
  22  2:10  Warp Gate  
  22  2:12  Probe  
  25  2:24  Probe  
  25  2:29  Stalker (Chrono Boost)  
  28  2:36  Probe x2  
  30  2:48  Probe  
  30  2:49  Probe  
  32  2:52  Twilight Council  
  32  2:59  Gateway  
  32  3:00  Probe  
  32  3:01  Probe  
  34  3:07  Gateway  
  34  3:20  Probe x2  
  34  3:22  Resonating Glaives (Chrono Boost), Adept  
  34  3:26  Pylon  
  38  3:32  Probe x2  
  40  3:44  Probe  
  40  3:45  Pylon  
  41  3:49  Probe  
  41  3:51  Assimilator  
  42  3:57  Probe  
  42  4:01  Probe  
  42  4:02  Adept  
  46  4:07  Adept  
  46  4:09  Probe, Adept  
  47  4:13  Probe  
  48  4:21  Probe  
  48  4:24  Assimilator, Adept  
  49  4:25  Probe  
  49  4:29  Adept x2  
  56  4:31  Pylon  
  56  4:32  Protoss Air Weapons Level 1  
  56  4:33  Probe  
  56  4:37  Probe  
  58  4:40  Stargate  
  58  4:45  Probe  
  59  4:49  Probe, Stargate  
  59  4:52  Adept  
  62  4:58  Probe  
  63  5:00  Pylon  
  63  5:01  Probe  
  63  5:03  Pylon  
  64  5:13  Nexus  
  64  5:19  Void Ray  
  64  5:21  Probe x2  
  66  5:27  Shield Battery  
  70  5:28  Void Ray  
  74  5:45  Probe x2  
  74  5:49  Fleet Beacon  
  70  5:56  Void Ray  
  70  5:59  Probe x2  
  70  6:04  Forge  
  70  6:05  Void Ray  
  70  6:12  Probe x2  
  70  6:13  Adept  
  70  6:14  Adept  
  80  6:20  Pylon  
  80  6:24  Probe x2  
  80  6:25  Assimilator  
  82  6:26  Probe, Flux Vanes  
  82  6:27  Assimilator  
  83  6:36  Probe x2  
  83  6:38  Probe  
  86  6:45  Void Ray (Chrono Boost)  
  86  6:48  Probe x2  
  86  6:49  Protoss Air Weapons Level 2 (Chrono Boost)  
  86  6:51  Pylon  
  86  6:53  Probe  
  93  6:56  Void Ray (Chrono Boost)  
  93  7:00  Probe x2, Pylon  
  95  7:05  Probe, Photon Cannon  
  100  7:15  Stargate  
  100  7:26  Carrier (Chrono Boost)  
  102  7:32  Pylon  
  102  7:35  Nexus  
  102  7:40  Oracle (Chrono Boost)  
  105  7:45  Probe x2  
  105  7:47  Pylon  
  107  7:52  Photon Cannon  
  107  7:55  Photon Cannon  
  107  7:56  Photon Cannon  
  107  7:57  Shield Battery  
  107  8:01  Photon Cannon  
  107  8:12  Shield Battery  
  113  8:17  Carrier (Chrono Boost)  
  113  8:19  Probe x3  
  122  8:22  Carrier (Chrono Boost)  
  122  8:23  Assimilator  
  122  8:27  Protoss Shields Level 1, Assimilator  
  122  8:30  Carrier (Chrono Boost)  
  122  8:31  Probe x2  
  130  8:43  Probe x2  
  132  8:55  Photon Cannon x2  
  132  8:58  Pylon  
  132  9:03  Shield Battery  
  132  9:04  Shield Battery  
  132  9:13  Stargate  
  132  9:14  Carrier (Chrono Boost)  
  144  9:18  Carrier (Chrono Boost)  
  144  9:21  Photon Cannon  
  144  9:23  Photon Cannon  
  145  9:24  Probe x3  
  145  9:25  Shield Battery  
  147  9:40  Protoss Air Weapons Level 3 (Chrono Boost)  
  153  9:46  Photon Cannon  
  153  9:48  Carrier (Chrono Boost)  
  151  10:01  Photon Cannon  
  151  10:02  Photon Cannon  
  151  10:03  Photon Cannon  
  151  10:05  Carrier (Chrono Boost)  
  153  10:11  Adept x2  
  154  10:18  Adept  
  162  10:26  Carrier (Chrono Boost)  
  162  10:31  Adept  
  162  10:41  Pylon  
  162  10:46  Pylon  
  162  10:47  Pylon  
  152  10:57  Adept x2  
  152  10:58  Carrier (Chrono Boost)  
  162  11:08  Pylon  
  174  11:11  Carrier (Chrono Boost)  
  174  11:13  Pylon  
  174  11:16  Carrier (Chrono Boost)  
  174  11:18  Adept x2  
  172  11:25  Probe x3  
  153  11:37  Probe  
  148  11:41  Templar Archives  
  148  11:46  Nexus  
  148  11:54  Adept x2  
  152  12:04  Probe x3  
  141  12:27  Carrier x2  
  149  12:37  Psionic Storm  
  149  12:40  High Templar x2  
  153  12:55  Photon Cannon  
  153  12:56  Shield Battery  
  153  13:02  Carrier  
  159  13:16  High Templar x2  
  159  13:18  Probe  
  159  13:19  Probe x3  
  167  13:27  Gateway  
  167  13:34  Probe  
  167  13:39  Protoss Air Armor Level 1 (Chrono Boost)  
  168  13:45  Nexus  
  168  13:48  High Templar x2, Pylon  
  170  13:52  Robotics Facility  
  172  13:58  Carrier, Pylon  
  174  14:27  High Templar x3  
  174  14:29  Photon Cannon  
  174  14:43  Archon  
  174  14:54  Carrier x2  
  174  14:55  Carrier  
  190  15:02  High Templar x3  
  190  15:03  Probe  
  197  15:08  Observer  
  198  15:25  Assimilator  
  198  15:27  Assimilator  
  198  15:29  Observer  
  194  16:01  High Templar x3  
  200  16:06  Nexus  
Tags
 
Add a new tag
Caveats
  • Supply blocks, unpowered buildings, or Contaminate may cause inaccurate times.
  • Supply counts are checked every 10 seconds.